 Dungeon Crawl Stone Soup version 0.17-a0-1078-g243345b (webtiles) character file.

914 inmateoo the Digger (level 7, -15/46 HPs)
             Began as a Mummy Earth Elementalist on May 19, 2015.
             Was an Initiate of Cheibriados.
             Demolished by an ogre
             ... wielding a +0 giant club
              (27 damage)
             ... on level 6 of the Dungeon.
             The game lasted 00:14:59 (4908 turns).

inmateoo the Digger (Mummy Earth Elementalist)      Turns: 4908, Time: 00:14:59

Health: -15/46     AC:  7    Str: 12    XL:     7   Next: 82%
Magic:  21/21      EV: 13    Int: 17    God:    Cheibriados [......]
Gold:   246        SH:  0    Dex: 14    Spells: 4 memorised, 2 levels left

rFire  . . .     SeeInvis .     a - 86 stones
rCold  + . .     Clarity  .     o - +1 robe {rF+}
rNeg   + + +     SustAb   .     h - +0 buckler
rPois  ∞         Gourm    .     (no helmet)
rElec  .         Spirit   .     l - +0 cloak
rCorr  .         Warding  .     b - +0 pair of gloves
rMut   .         Stasis   .     j - +1 pair of boots
MR     .....                    (no amulet)
Stlth  +.........               (no ring)
                                d - ring of magical power

@: confused, very slow, not resistant to hostile enchantments, very unstealthy
A: no food or potions, fire vulnerability, cold resistance 1, negative energy
resistance 3, torment resistance, unbreathing
a: Bend Time, Renounce Religion


You were on level 6 of the Dungeon.
You worshipped Cheibriados.
Cheibriados was noncommittal.
You were not hungry.

You visited 1 branch of the dungeon, and saw 6 of its levels.

You collected 246 gold pieces.

Inventory:

Hand weapons
 p - a +1 broad axe
Missiles
 a - 86 stones (in hand)
Armour
 b - a +0 pair of gloves (worn)
 h - a +0 buckler (worn)
 j - a +1 pair of boots (worn)
 l - a +0 cloak (worn)
 o - a +1 robe of fire resistance (worn)
Jewellery
 d - a ring of magical power (left hand)
 e - an uncursed ring of ice
 i - an uncursed ring of ice
Magical devices
 g - a wand of enslavement (14)
Scrolls
 f - 6 scrolls of identify
 k - 2 scrolls of remove curse
 m - a scroll of fear
 n - 3 scrolls of teleportation
 q - a scroll of acquirement {unknown}
Books
 c - a book of Geomancy

   Spells                             Type                      Level
   a - Sandblast                      Earth                        1
   b - Stoneskin                      Transmutation/Earth          2
   c - Passwall                       Transmutation/Earth          3
   d - Stone Arrow                    Conjuration/Earth            3
   e - Petrify                        Transmutation/Earth          4
   f - Lee's Rapid Deconstruction     Earth                        5


   Skills:
 + Level 3.5 Dodging
 + Level 3.3 Stealth
 + Level 1.0 Shields
 + Level 3.7 Spellcasting
 + Level 2.4 Conjurations
 - Level 0.7 Transmutations
 * Level 4.9 Earth Magic


You had 2 spell levels left.
You knew the following spells:

 Your Spells              Type           Power        Failure   Level  Hunger
a - Sandblast             Erth           ###...       3%          1    N/A
b - Passwall              Trmt/Erth      ##........   24%         3    N/A
c - Stone Arrow           Conj/Erth      ###...       17%         3    N/A
d - Petrify               Trmt/Erth      ##......     80%         4    N/A

Dungeon Overview and Level Annotations

Branches:
Dungeon (6/15)             Temple (0/1) D:5

Altars:
Cheibriados
Dithmenos
Elyvilon
Gozag
Qazlal
Trog
Vehumet
Xom
Yredelemnul
Zin

Shops:
D:5 **

Annotations:
D:6 Blork the orc


Innate Abilities, Weirdness & Mutations

You do not eat or drink.
Your flesh is vulnerable to fire.
You are immune to poison.
Your flesh is cold resistant.
You are immune to negative energy.
You are immune to unholy pain and torment.
You can survive without breathing.


Message History

Blork the orc barely misses you.
Blork the orc zaps a wand.
You easily resist.
You bump into the rock wall.
Blork the orc barely misses you.
Blork the orc zaps a wand.
You easily resist.
The ogre hits you with a giant club!!
You see here a dagger.
Blork the orc misses you. Blork the orc closely misses you.
The ogre barely misses you.
Blork the orc points at you and mumbles some strange words.
The puff of flame hits you!
You see here a dagger.
You bump into the rock wall.
The ogre closely misses you.
Blork the orc casts a spell.
You feel troubled. The ogre hits you with a giant club!
* * * LOW HITPOINT WARNING * * *
Blork the orc zaps a wand.
You easily resist.
The ogre hits you with a giant club!!
Ouch! That really hurt!
You die...

#...........# #..............
#...........# ##..............
#...........# #....##+####....
#...........# ####.##>..##....
#...........# #.............
#...........# #.......##+###
#...........#######'##..##...#
#...........#)..#....##+##....
#...........'@..#....#........
#...........#O..'....#..####+.
#...........#..o#....# #.
####...........#...#....+ #..
...............#...#....# ..†.
...............#...#....#
#....
...............+...+....#
#.....
...............#...#..o?#
#....#
...............#...#....#
#....


You could see Blork the orc and an ogre.

Vanquished Creatures
  Eustachio (D:4)
  3 ogres
  A phantom (D:6)
  A giant frog zombie (D:6)
  A crimson imp (D:5)
  A giant frog skeleton (D:5)
  A centaur skeleton (D:4)
  4 worker ants
  2 iguanas
  8 adders
  A river rat (D:4)
  2 oozes
  A shadow imp (D:5)
  3 worms
  3 giant geckos
  2 orcs
  2 giant cockroaches
  7 goblins
  8 hobgoblins
  10 jackals
  10 kobolds
  15 bats
  4 giant newts
  2 quokkas (D:5)
  6 rats
  A spectral orc (D:3)
100 creatures vanquished.

Notes
Turn   | Place    | Note
--------------------------------------------------------------
     0 | D:1      | inmateoo the Mummy Earth Elementalist began the quest for the Orb.
     0 | D:1      | Reached XP level 1. HP: 13/13 MP: 3/3
   214 | D:1      | Reached XP level 2. HP: 19/19 MP: 5/5
  1157 | D:2      | Reached XP level 3. HP: 17/24 MP: 6/6
  1632 | D:2      | Learned a level 3 spell: Passwall
  1636 | D:2      | Learned a level 3 spell: Stone Arrow
  1682 | D:2      | Found a shimmering altar of Xom.
  1683 | D:2      | Found a shimmering altar of Xom.
  1683 | D:2      | Found a shimmering altar of Xom.
  1901 | D:2      | Found a radiant altar of Vehumet.
  1901 | D:2      | Found a glowing silver altar of Zin.
  1939 | D:3      | Reached skill level 3 in Earth Magic
  1966 | D:3      | Reached XP level 4. HP: 30/30 MP: 7/7
  2037 | D:3      | Found an opulent altar of Gozag.
  2261 | D:3      | Found a basalt altar of Yredelemnul.
  2556 | D:4      | Reached skill level 1 in Conjurations
  2660 | D:4      | Noticed Eustachio
  2730 | D:4      | Killed Eustachio
  2730 | D:4      | Reached XP level 5. HP: 24/35 MP: 9/9
  2865 | D:4      | Reached XP level 6. HP: 41/41 MP: 10/10
  2921 | D:4      | Found a bloodstained altar of Trog.
  3458 | D:5      | Entered Level 5 of the Dungeon
  3495 | D:5      | Reached skill level 4 in Earth Magic
  3684 | D:5      | Reached XP level 7. HP: 11/46 MP: 2/12
  3924 | D:5      | Found Patilew's General Store.
  4184 | D:5      | Found a shadowy altar of Dithmenos.
  4185 | D:5      | Found a snail-covered altar of Cheibriados.
  4186 | D:5      | Found a white marble altar of Elyvilon.
  4186 | D:5      | Found a stormy altar of Qazlal.
  4200 | D:5      | Learned a level 4 spell: Petrify
  4214 | D:5      | Became a worshipper of Cheibriados the Contemplative
  4280 | D:5      | Found Boniugi's Elemental Accessories.
  4436 | D:5      | Found a staircase to the Ecumenical Temple.
  4725 | D:6      | Noticed Blork the orc
  4784 | D:6      | Reached skill level 1 in Shields
  4908 | D:6      | Demolished by an ogre

Vault maps used:
D:1:      zaba_arrival_water, minmay_misc_feat_hallway
D:2:      xom_redecorated, gammafunk_temple_overflow_statue, minmay_misc_feat_x,
          kennysheep_nub
D:3:      yredelemnul_forgotten_temple_becter,
          nicolae_gozag_cash_rules_everything_around_me
D:4:      nicolae_overflow_crystal_walls, minmay_misc_feat_roman, uniq_eustachio
D:5:      grunt_temple_overflow_open, minmay_temple_entry_nine_rooms,
          serial_shops, nicolae_shop_behind_doors, first_bread,
          nicolae_elemental_shop
D:6:      minmay_opposing_rooms, uniq_blork_the_orc

Action                   |  1- 3 |  4- 6 |  7- 9 || total
-------------------------+-------+-------+-------++-------
Melee: Hand axe          |    10 |       |       ||    10
       Unarmed           |       |    36 |       ||    36
       Broad axe         |       |     6 |     1 ||     7
 Cast: Sandblast         |    72 |   131 |    63 ||   266
       Stone Arrow       |       |     1 |     1 ||     2
Evoke: Wand              |       |       |     1 ||     1
  Use: Scroll            |     6 |     5 |     4 ||    15
